[Event "Titled Tuesday Blitz September 27 Early 2022"]
[White "Madaminov, Mukhiddin"]
[Black "Eynullayev, Atilla"]
[WhiteFideId "14210703"]
[BlackFideId "13413570"]
[WhiteElo "2106"]
[BlackElo "1936"]
[Result "1-0"]
[Round "03"]
[TimeControl "180+1"]
[Date "2022.09.27"]
[WhiteClock "0:02:31"]
[BlackClock "0:02:37"]

1. d4 Nf6 2. Nc3 d5 3. Bf4 e6 4. Nb5 Na6 5. e3 c6 6. Nc3 b6 7. Nf3 Be7 8. Ne5 Nb8 9. Bd3 O-O 10. Qf3 c5 11. Ne2 c4 12. Bxc4 dxc4 13. Qxa8 Na6 14. O-O Nd5 15. Qxa7 Nab4 16. c3 Nxf4 17. Nxf4 1-0


[Site "https://www.chess.com"]

[Event "Titled Tuesday Blitz September 27 Early 2022"]
[White "Mahdavi, Reza"]
[Black "Omelja, Artem"]
[WhiteFideId "12595926"]
[BlackFideId "14119846"]
[WhiteElo "2240"]
[BlackElo "2382"]
[Result "1-0"]
[Round "03"]
[TimeControl "180+1"]
[Date "2022.09.27"]
[WhiteClock "0:00:33"]
[BlackClock "0:00:05"]

1. e4 c5 2. Nf3 e6 3. c3 d5 4. exd5 Qxd5 5. d4 Nc6 6. Na3 cxd4 7. Nb5 Qd8 8. Nbxd4 Nxd4 9. Nxd4 Nf6 10. Bd3 Be7 11. Bf4 O-O 12. O-O Nd5 13. Bg3 Bf6 14. Be4 Qb6 15. Qd2 Bd7 16. Rad1 Rfd8 17. Nb3 Bc6 18. Qc2 g6 19. Rfe1 Rac8 20. h3 a5 21. Nd4 Nb4 22. cxb4 Bxd4 23. bxa5 Qxa5 24. Bxc6 Rxc6 25. Qb3 Rb6 26. Qf3 Rxb2 27. Kh2 Rd5 28. Rc1 Qxa2 29. Re4 Bxf2 30. Rc8+ Kg7 31. Qc3+ Kh6 32. Bf4+ Kh5 33. g4+ Kh4 34. Qf6+ g5 35. Qh6# 1-0


[Site "https://www.chess.com"]

[Event "Titled Tuesday Blitz September 27 Early 2022"]
[White "Malek, Jan"]
[Black "Harsh Suresh"]
[WhiteFideId "21864080"]
[BlackFideId "45018464"]
[WhiteElo "2172"]
[BlackElo "2070"]
[Result "1-0"]
[Round "03"]
[TimeControl "180+1"]
[Date "2022.09.27"]
[WhiteClock "0:00:15"]
[BlackClock "0:00:18"]

1. c4 Nf6 2. Nc3 e5 3. g3 d6 4. Bg2 g6 5. Nf3 Bg7 6. O-O O-O 7. d4 Nbd7 8. e4 exd4 9. Nxd4 Re8 10. h3 Nc5 11. Re1 Ne6 12. Nc2 c6 13. Be3 Qc7 14. Qd2 Nc5 15. Bf4 Bf8 16. Rad1 Be6 17. Bxd6 Bxd6 18. Qxd6 Qxd6 19. Rxd6 Red8 20. Red1 Rxd6 21. Rxd6 Ne8 22. Rd4 a5 23. f4 h5 24. Ne3 f6 25. Kf2 Bf7 26. Bf3 Nc7 27. Rd6 Kf8 28. Rd2 Ke7 29. b3 Rd8 30. Rxd8 Kxd8 31. Nc2 b5 32. Nd4 b4 33. Nce2 Kd7 34. Ke3 Kd6 35. e5+ fxe5 36. fxe5+ Kxe5 37. Nxc6+ Kf6 38. Nxa5 Be6 39. h4 Bf5 40. Nc6 N7a6 41. Nf4 Bb1 42. Nd5+ Kf5 43. Ncxb4 Nb8 44. Nc3 Bxa2 45. Nbxa2 Nxb3 46. Nd5 Nc5 47. Nab4 Nbd7 48. Nd3 Nxd3 49. Kxd3 Ne5+ 50. Ke2 Nxc4 51. Ne3+ Nxe3 52. Kxe3 g5 53. Bxh5 gxh4 54. g4+ Kg5 55. Kf3 Kh6 56. Kg2 Kg5 57. Kh2 Kf4 58. Kg2 Kg5 59. Kh3 Kh6 60. Kxh4 Kg7 61. g5 Kh8 62. Kg4 Kg7 63. Kf5 Kg8 64. Bf3 Kf8 65. Kf6 Kg8 66. g6 Kh8 67. g7+ Kh7 68. Be4+ Kg8 69. Bd5+ Kh7 70. g8=Q+ Kh6 71. Qh8# 1-0


[Site "https://www.chess.com"]

[Event "Titled Tuesday Blitz September 27 Early 2022"]
[White "Malyi, Viacheslav"]
[Black "Gareyev, Timur"]
[WhiteFideId "14123983"]
[BlackFideId "14200937"]
[WhiteElo "2190"]
[BlackElo "2552"]
[Result "1-0"]
[Round "03"]
[TimeControl "180+1"]
[Date "2022.09.27"]
[WhiteClock "0:00:05"]
[BlackClock "0:00:02"]

1. e4 g6 2. d4 d6 3. Nc3 a6 4. a4 b6 5. Nf3 Bg7 6. h3 Nd7 7. Bd3 e6 8. O-O Ne7 9. Re1 h6 10. Be3 Bb7 11. Qd2 c5 12. d5 e5 13. Rab1 f5 14. Qe2 f4 15. Bd2 O-O 16. b4 Qc7 17. a5 b5 18. bxc5 Nxc5 19. Na2 Kh7 20. Nb4 Ng8 21. Ra1 Nf6 22. Rec1 Rac8 23. c4 Nxd3 24. Qxd3 bxc4 25. Qc2 g5 26. Bc3 g4 27. hxg4 Nxg4 28. Nh2 Nxh2 29. Kxh2 f3 30. g3 Bf6 31. Rh1 h5 32. Kg1 h4 33. Qd1 Bg5 34. Bd2 Be7 35. Qc1 Rg8 36. Ra3 Rcf8 37. Qd1 Bc8 38. Nc2 Rg6 39. Ne3 Kg8 40. Nf5 Bxf5 41. exf5 Rxf5 42. Rxf3 Qd7 43. Qe2 hxg3 44. fxg3 Rxf3 45. Qxf3 Qg4 46. Kg2 Qd4 47. Be3 Qb2+ 48. Bf2 Qc2 49. Qh5 Bf6 50. Qh7+ Kf8 51. Qd7 Qe4+ 52. Kg1 Qb1+ 53. Kg2 Qe4+ 54. Kg1 Qxd5 55. Rh7 Rg7 56. Qc8+ Kf7 57. Rh8 Kg6 58. Qe8+ Qf7 59. Qc8 Bg5 60. Qg4 Qf5 61. Qh5+ Kf6 62. Rf8+ Ke6 63. Rxf5 Kxf5 64. Qe8 Ke4 65. Qc6+ d5 66. Qxa6 Be3 67. Kg2 Bxf2 68. Kxf2 Rf7+ 69. Ke2 Kd4 70. Qe6 Rb7 71. a6 Rb2+ 72. Kf3 c3 73. a7 c2 74. Qc6 Rb4 75. a8=Q Rc4 76. Qa1+ Kd3 77. Qxc4+ dxc4 78. Qc1 Kc3 79. Ke4 1-0


[Site "https://www.chess.com"]

[Event "Titled Tuesday Blitz September 27 Early 2022"]
[White "Manukian, Artak"]
[Black "Kalajzic, Ivan"]
[WhiteFideId "13301373"]
[BlackFideId "14506378"]
[WhiteElo "2511"]
[BlackElo "2163"]
[Result "0-1"]
[Round "03"]
[TimeControl "180+1"]
[Date "2022.09.27"]
[WhiteClock "0:02:03"]
[BlackClock "0:02:23"]

1. e4 Nc6 2. Nf3 d6 3. d4 Bg4 4. d5 Ne5 5. Nxe5 Bxd1 6. Bb5+ c6 7. dxc6 Qa5+ 8. Nc3 a6 9. cxb7+ axb5 10. bxa8=Q+ Qxa8 11. Kxd1 dxe5 12. Be3 b4 13. Nd5 Qb7 14. a3 e6 15. Nxb4 Bxb4 16. axb4 Ne7 17. f3 O-O 18. Ra7 Rd8+ 19. Kc1 Qxb4 20. Rc7 Qa5 21. Ra7 Qb4 22. Rc7 Ng6 23. Bc5 Qa5 24. Rc6 Qa1# 0-1


[Site "https://www.chess.com"]

[Event "Titled Tuesday Blitz September 27 Early 2022"]
[White "Marn, Jan"]
[Black "Dahale, Atul"]
[WhiteFideId "14619245"]
[BlackFideId "5037794"]
[WhiteElo "2167"]
[BlackElo "2017"]
[Result "0-1"]
[Round "03"]
[TimeControl "180+1"]
[Date "2022.09.27"]
[WhiteClock "0:00:02"]
[BlackClock "0:01:13"]

1. d4 Nf6 2. Nf3 d6 3. Bg5 Nbd7 4. Nbd2 g6 5. e3 Bg7 6. Bd3 O-O 7. O-O e5 8. dxe5 dxe5 9. Ne4 Qe8 10. Bxf6 Nxf6 11. Nxf6+ Bxf6 12. e4 Bg4 13. h3 Bxf3 14. Qxf3 Bg7 15. Bc4 Kh8 16. Rfd1 c6 17. Rd6 f5 18. Rad1 fxe4 19. Qxe4 Rf4 20. Qe2 e4 21. Rd7 b5 22. Bb3 Qe5 23. a4 Raf8 24. Rd8 Qc5 25. Rxf8+ Rxf8 26. c3 b4 27. Qxe4 Qxf2+ 28. Kh1 bxc3 29. bxc3 Bxc3 30. Qxc6 Be5 31. Qc5 Qxc5 0-1


[Site "https://www.chess.com"]

[Event "Titled Tuesday Blitz September 27 Early 2022"]
[White "Martin Duque, Jesus"]
[Black "Zelbel, Patrick"]
[WhiteFideId "2208954"]
[BlackFideId "24624322"]
[WhiteElo "2258"]
[BlackElo "2474"]
[Result "0-1"]
[Round "03"]
[TimeControl "180+1"]
[Date "2022.09.27"]
[WhiteClock "0:01:20"]
[BlackClock "0:00:51"]

1. Nf3 Nf6 2. b3 c6 3. Bb2 d5 4. g3 Bf5 5. Bg2 e6 6. O-O h6 7. d3 Be7 8. Nbd2 O-O 9. Re1 Bh7 10. e4 Nbd7 11. a4 b6 12. Nd4 Rc8 13. e5 Ne8 14. h4 c5 15. N4f3 a6 16. h5 Nc7 17. g4 f6 18. exf6 Bxf6 19. Ne5 Nxe5 20. Bxe5 Bxe5 21. Rxe5 Rxf2 22. Kxf2 Qf6+ 23. Nf3 Rf8 24. Qe2 Be4 25. Rxe4 dxe4 26. Qxe4 Qxa1 27. Qc6 Qe5 28. Kg1 Qg3 29. a5 bxa5 30. Nh2 Qf2+ 31. Kh1 Qe1+ 32. Bf1 Rxf1+ 33. Nxf1 Qxf1+ 34. Kh2 Qf4+ 35. Kh3 Qe3+ 36. Kh4 Qe5 37. Kh3 Kh7 38. Kg2 Nd5 39. Qe8 Qe2+ 40. Kg3 Qe3+ 41. Kh2 Qf2+ 42. Kh1 Qh4+ 43. Kg1 Qxg4+ 44. Kf1 Qd1+ 45. Kf2 Qxc2+ 46. Kf3 Qxd3+ 47. Kf2 Qc2+ 48. Kf3 Qxb3+ 49. Ke4 Qe3# 0-1


[Site "https://www.chess.com"]

[Event "Titled Tuesday Blitz September 27 Early 2022"]
[White "Martin, Lewis"]
[Black "Torres Boch, Jose Francisco"]
[WhiteFideId "410551"]
[BlackFideId "2278383"]
[WhiteElo "2145"]
[BlackElo "2088"]
[Result "1/2-1/2"]
[Round "03"]
[TimeControl "180+1"]
[Date "2022.09.27"]
[WhiteClock "0:00:03"]
[BlackClock "0:00:18"]

1. e4 e5 2. Nf3 Nc6 3. Bb5 a6 4. Ba4 Nf6 5. O-O Be7 6. Re1 b5 7. Bb3 d6 8. c3 O-O 9. h3 Nb8 10. d3 Nbd7 11. Nbd2 Bb7 12. Nf1 Nc5 13. Bc2 Re8 14. g4 Bf8 15. Ng3 g6 16. d4 exd4 17. cxd4 Ne6 18. b4 Bg7 19. Rb1 c5 20. d5 Nd4 21. Nxd4 cxd4 22. Bb2 a5 23. a3 axb4 24. axb4 Nd7 25. Bxd4 Bxd4 26. Qxd4 Ne5 27. Kg2 Ra3 28. Re3 Qa8 29. Rbe1 Nc4 30. Rxa3 Qxa3 31. Rb1 Rc8 32. Rb3 Qa2 33. Bd1 Qd2 34. Rd3 Qe1 35. Ne2 Qxb4 36. Rb3 Qd2 37. Qxd2 Nxd2 38. Rxb5 Ba6 39. Rb6 Bxe2 40. Bxe2 Nxe4 41. Bf3 Rc4 42. Rb8+ Kg7 43. Re8 Nf6 44. Rd8 Ne4 45. Bxe4 Rxe4 46. Rxd6 Rd4 47. Rd7 h6 48. Kf3 g5 49. Ke3 Rd1 50. f4 Kg6 51. f5+ Kf6 52. Rd6+ Ke5 53. Rxh6 Rxd5 54. Rh7 Kf6 55. Ke4 Re5+ 56. Kd4 Re1 57. Rh5 Re2 58. Kd5 Re1 59. Kc6 Rd1 60. Rh6+ Ke5 61. Rh7 Kf6 62. Kc5 Rd3 63. Kc4 Rd1 64. Kc3 Rd7 65. Rh6+ Ke5 66. Rc6 Kf4 67. Rh6 Kg3 68. Kc2 Kf4 69. Kc3 Kg3 70. Kc2 Rd5 71. Kc3 Kf4 72. Kc4 Rd7 73. Kc3 1/2-1/2


[Site "https://www.chess.com"]

[Event "Titled Tuesday Blitz September 27 Early 2022"]
[White "Martinez Alcantara, Jose Eduardo"]
[Black "Saydaliev, Saidakbar"]
[WhiteFideId "3805662"]
[BlackFideId "14203693"]
[WhiteElo "2703"]
[BlackElo "2265"]
[Result "1-0"]
[Round "03"]
[TimeControl "180+1"]
[Date "2022.09.27"]
[WhiteClock "0:00:07"]
[BlackClock "0:00:11"]

1. e4 e5 2. Nf3 Nc6 3. Bc4 Nf6 4. d3 Bc5 5. Nc3 a6 6. Be3 d6 7. O-O h6 8. Bxc5 dxc5 9. Nd5 Qd6 10. Ne3 Be6 11. Bxe6 Qxe6 12. c4 Qd6 13. Nd5 Ne7 14. b4 cxb4 15. c5 Qd8 16. Qa4+ c6 17. Nxe7 Qxe7 18. Qxb4 O-O 19. Rab1 Rab8 20. Qc3 Nd7 21. Rfc1 Rfd8 22. h3 f6 23. a4 Nf8 24. Nd2 Ne6 25. Nb3 Rd7 26. Qc4 Rbd8 27. Rd1 Kh7 28. g3 Rd4 29. Nxd4 Rxd4 30. Qc2 Nxc5 31. a5 Ne6 32. Rb3 Rd7 33. Qb2 Nd4 34. Rc3 Qe6 35. Kg2 f5 36. f3 Rf7 37. Rf1 Qg6 38. Rc5 Qd6 39. Rcc1 h5 40. Rce1 h4 41. g4 Ne6 42. exf5 Nf4+ 43. Kh1 Nxd3 44. Qd2 Rd7 45. Re2 c5 46. Qg5 Qh6 47. Qxh6+ Kxh6 48. Re4 Rd4 49. Re3 c4 50. Rb1 c3 51. Re2 Nf4 52. Rc2 Rd3 53. Rxb7 Rxf3 54. Rb6+ Kg5 55. Kg1 Rxh3 56. Rxa6 Kxg4 57. Ra7 Rd3 58. Rxg7+ Kxf5 59. a6 Rd1+ 60. Kh2 Rd2+ 61. Rxd2 cxd2 62. Rd7 1-0


[Site "https://www.chess.com"]

[Event "Titled Tuesday Blitz September 27 Early 2022"]
[White "Matt, Fabian"]
[Black "Arabidze, Meri"]
[WhiteFideId "1623303"]
[BlackFideId "13604040"]
[WhiteElo "2287"]
[BlackElo "2335"]
[Result "0-1"]
[Round "03"]
[TimeControl "180+1"]
[Date "2022.09.27"]
[WhiteClock "0:00:10"]
[BlackClock "0:00:10"]

1. Nf3 c6 2. c4 g6 3. d4 Bg7 4. Nc3 Nf6 5. e4 d6 6. Be2 O-O 7. O-O Nbd7 8. h3 e5 9. Be3 Qc7 10. d5 a6 11. Rc1 c5 12. Ne1 b6 13. a4 Rb8 14. Kh2 Re8 15. g3 h6 16. Qd2 Kh7 17. Bd3 Nh5 18. f4 exf4 19. gxf4 Qd8 20. Nf3 Ndf6 21. Rg1 Qd7 22. Qg2 Kh8 23. Rce1 Nh7 24. Nh4 Qe7 25. Nxg6+ fxg6 26. Qxg6 N5f6 27. e5 dxe5 28. Bf2 Nf8 29. Qg2 N8d7 30. Kh1 Qf7 31. Bg6 Qf8 32. Bxe8 Nxe8 33. fxe5 Nxe5 34. Bg3 Bxh3 35. Qxh3 Qf3+ 36. Rg2 Ng4 37. Qh4 Ra8 38. Ne2 Ne3 39. Qh3 Nxg2 40. Qxg2 Qh5+ 41. Qh2 Nf6 42. Qxh5 Nxh5 43. Bc7 Bxb2 44. Bxb6 Re8 45. Bxc5 Ng3+ 46. Nxg3 Rxe1+ 47. Kg2 Rc1 48. Be3 Rxc4 49. d6 Bf6 50. d7 Rc3 51. Ne4 Rxe3 52. Nxf6 Rd3 53. Kf2 Kg7 54. Ne8+ Kf7 55. Nc7 a5 56. Nb5 Rxd7 57. Kf3 Re7 58. Kf4 Kf6 59. Nd6 Re6 60. Ne4+ Rxe4+ 61. Kxe4 h5 62. Kf4 Ke6 63. Kg5 Kd5 64. Kxh5 Kc4 65. Kg4 Kb4 66. Kf3 Kxa4 67. Ke2 Kb3 68. Kd3 a4 69. Kd2 Kb2 0-1


[Site "https://www.chess.com"]

[Event "Titled Tuesday Blitz September 27 Early 2022"]
[White "Matveeva, Olga"]
[Black "Melaugh, Shane"]
[WhiteFideId "24107018"]
[BlackFideId "2509580"]
[WhiteElo "2056"]
[BlackElo "1946"]
[Result "0-1"]
[Round "03"]
[TimeControl "180+1"]
[Date "2022.09.27"]
[WhiteClock "0:00:01"]
[BlackClock "0:00:03"]

1. d4 e6 2. c4 f5 3. Nf3 Nf6 4. g3 b6 5. Bg2 Bb7 6. O-O Be7 7. Nc3 O-O 8. d5 Bb4 9. dxe6 Bxc3 10. bxc3 dxe6 11. c5 bxc5 12. Qb3 Bd5 13. c4 Be4 14. Rd1 Qe7 15. Ne5 Bxg2 16. Kxg2 Nfd7 17. Qf3 c6 18. Nxc6 Nxc6 19. Qxc6 Ne5 20. Qa6 g5 21. Bb2 Ng6 22. Rd6 e5 23. Rad1 Rad8 24. Ba3 Rxd6 25. Rxd6 Rd8 26. Bxc5 Rxd6 27. Qxd6 Qb7+ 28. Qd5+ Qxd5+ 29. cxd5 Kf7 30. Kf3 e4+ 31. Ke3 Ne5 32. h3 a6 33. Kd4 Nd7 34. a4 Kf6 35. a5 h6 36. Bd6 h5 37. h4 gxh4 38. gxh4 Kf7 39. Bf4 Ke7 40. f3 exf3 41. exf3 Kf7 42. Be5 Ke7 43. f4 Kf7 44. Bc7 Ke7 45. Kc4 Nf8 46. Kc5 Kd7 47. Be5 Ng6 48. Kb6 Nxh4 49. Kxa6 Ng6 50. Bd4 Ne7 51. Kb7 Nxd5 52. a6 h4 53. a7 Nc7 0-1


[Site "https://www.chess.com"]

[Event "Titled Tuesday Blitz September 27 Early 2022"]
[White "Maung, Maung Kyaw Zaw Hein"]
[Black "Stanisz, Patryk"]
[WhiteFideId "13001698"]
[BlackFideId "1123106"]
[WhiteElo "1785"]
[BlackElo "1833"]
[Result "1-0"]
[Round "03"]
[TimeControl "180+1"]
[Date "2022.09.27"]
[WhiteClock "0:00:33"]
[BlackClock "0:00:04"]

1. Nf3 d5 2. d4 c6 3. c4 Nf6 4. Nc3 e6 5. e3 Nbd7 6. Qc2 Bd6 7. b3 O-O 8. Be2 Qe7 9. O-O b6 10. Rd1 Bb7 11. Bb2 Rfe8 12. Rac1 Rac8 13. Qb1 Bb8 14. Rd2 c5 15. cxd5 exd5 16. dxc5 bxc5 17. Qc2 Ne5 18. Rcd1 Nxf3+ 19. Bxf3 d4 20. Bxb7 Qxb7 21. exd4 cxd4 22. Rxd4 Be5 23. R4d3 Qc7 24. g3 Ne4 25. Rc1 Ng5 26. h4 Ne6 27. Qd2 Red8 28. Nd5 Qb7 29. Rxc8 Rxc8 30. Bxe5 1-0


[Site "https://www.chess.com"]

[Event "Titled Tuesday Blitz September 27 Early 2022"]
[White "Milikow, Yoav"]
[Black "Maksimenko, Viktor"]
[WhiteFideId "2822237"]
[BlackFideId "13710478"]
[WhiteElo "2341"]
[BlackElo "2269"]
[Result "1-0"]
[Round "03"]
[TimeControl "180+1"]
[Date "2022.09.27"]
[WhiteClock "0:00:21"]
[BlackClock "0:00:13"]

1. d4 Nf6 2. c4 e6 3. Nc3 Bb4 4. Qc2 d5 5. a3 Bxc3+ 6. Qxc3 O-O 7. Nf3 dxc4 8. Qxc4 b6 9. Bg5 Ba6 10. Qa4 h6 11. Bh4 Qd7 12. Qc2 Nd5 13. Ne5 Qd6 14. Bg3 Qe7 15. Rc1 Rc8 16. Nc6 Nxc6 17. Qxc6 Qe8 18. Qxe8+ Rxe8 19. e4 Bxf1 20. Rxf1 Nf6 21. f3 Rac8 22. Rxc7 Rxc7 23. Bxc7 Rc8 24. Bf4 Rc2 25. Rf2 Rxf2 26. Kxf2 Kf8 27. Bd6+ Ke8 28. Be5 Kd7 29. Bxf6 gxf6 30. Ke3 Kc6 31. Kd3 Kb5 32. b3 Kc6 33. Kc4 b5+ 34. Kd3 Kd6 35. g4 e5 36. h4 a6 37. Ke3 Ke6 38. f4 Kd6 39. dxe5+ fxe5 40. g5 h5 41. f5 Kc5 42. g6 1-0


[Site "https://www.chess.com"]

[Event "Titled Tuesday Blitz September 27 Early 2022"]
[White "Milosevic, Milos"]
[Black "Ferguson, Randal"]
[WhiteFideId "964875"]
[BlackFideId "30903106"]
[WhiteElo "2321"]
[BlackElo "2076"]
[Result "1-0"]
[Round "03"]
[TimeControl "180+1"]
[Date "2022.09.27"]
[WhiteClock "0:00:18"]
[BlackClock "0:00:01"]

1. e4 c5 2. Nf3 d6 3. Bb5+ Nd7 4. Ba4 g6 5. O-O Bg7 6. c3 Nf6 7. Re1 O-O 8. d4 a6 9. e5 Ne8 10. Bf4 b5 11. Bc2 cxd4 12. cxd4 Bb7 13. Nc3 dxe5 14. dxe5 Nc7 15. Be4 Bxe4 16. Rxe4 Nc5 17. Re3 N7e6 18. Bg3 Bh6 19. Qxd8 Rfxd8 20. Re2 Rd7 21. b4 Nd3 22. Rd1 Rad8 23. a3 Ndf4 24. Ree1 Ne2+ 25. Rxe2 Rxd1+ 26. Nxd1 Rxd1+ 27. Re1 Rxe1+ 28. Nxe1 Nd4 29. Kf1 Bc1 30. Nd3 Bxa3 31. f3 Nc6 32. Be1 f6 33. e6 Ne5 34. Nxe5 fxe5 35. Ke2 Bb2 36. Ke3 Bd4+ 37. Ke4 Kg7 38. Kd5 1-0


[Site "https://www.chess.com"]

[Event "Titled Tuesday Blitz September 27 Early 2022"]
[White "Mirzoev, Azer"]
[Black "Iturrizaga Bonelli, Eduardo"]
[WhiteFideId "13400304"]
[BlackFideId "3901211"]
[WhiteElo "2525"]
[BlackElo "2629"]
[Result "0-1"]
[Round "03"]
[TimeControl "180+1"]
[Date "2022.09.27"]
[WhiteClock "0:00:06"]
[BlackClock "0:00:17"]

1. d4 Nf6 2. Nf3 e6 3. c4 Bb4+ 4. Bd2 a5 5. Nc3 d5 6. e3 O-O 7. a3 Be7 8. Qc2 Nbd7 9. Bd3 c6 10. O-O dxc4 11. Bxc4 b5 12. Bd3 Bb7 13. Rfd1 Bd6 14. h3 h6 15. Ne4 Nxe4 16. Bxe4 Rc8 17. Rac1 f5 18. Bd3 c5 19. dxc5 Rxc5 20. Qb1 Bxf3 21. gxf3 Qg5+ 22. Kf1 Qh5 23. Rxc5 Nxc5 24. Bxb5 Qxf3 25. Be1 Ne4 26. Bc6 Qxh3+ 27. Kg1 Rf6 0-1


[Site "https://www.chess.com"]

[Event "Titled Tuesday Blitz September 27 Early 2022"]
[White "Mitrovic, Darko R"]
[Black "Shuvalov, Evgenij"]
[WhiteFideId "927023"]
[BlackFideId "4187237"]
[WhiteElo "2150"]
[BlackElo "2033"]
[Result "0-1"]
[Round "03"]
[TimeControl "180+1"]
[Date "2022.09.27"]
[WhiteClock "0:00:01"]
[BlackClock "0:00:53"]

1. d4 Nf6 2. c4 c5 3. d5 b5 4. f3 e6 5. e4 exd5 6. cxd5 c4 7. b3 Bc5 8. bxc4 Qb6 9. Nh3 Bd4 10. cxb5 Bxa1 11. Bd3 d6 12. Nf2 Bd4 13. O-O O-O 14. Nd2 a6 15. Nc4 Qc7 16. Ba3 Rd8 17. Qa4 Bb7 18. b6 Bxb6 19. Nxb6 Qxb6 20. Rb1 Qa7 21. Kf1 Nbd7 22. Bxd6 Rac8 23. Be2 Ba8 24. Nd3 Bxd5 25. exd5 Nxd5 26. Qa3 Ne3+ 27. Ke1 Nc2+ 28. Kd2 Nxa3 29. Bxa3 Ne5 0-1


[Site "https://www.chess.com"]

[Event "Titled Tuesday Blitz September 27 Early 2022"]
[White "Nakamura, Hikaru"]
[Black "Hafiz, Arif Abdul"]
[WhiteFideId "2016192"]
[BlackFideId "7104227"]
[WhiteElo "2850"]
[BlackElo "2198"]
[Result "1-0"]
[Round "03"]
[TimeControl "180+1"]
[Date "2022.09.27"]
[WhiteClock "0:00:23"]
[BlackClock "0:00:08"]

1. Nf3 Nf6 2. g3 g6 3. Bg2 Bg7 4. O-O O-O 5. d3 d5 6. Nbd2 d4 7. Nb3 Nc6 8. c3 dxc3 9. bxc3 Nd5 10. c4 Ndb4 11. d4 Bf5 12. Bb2 Be4 13. Qd2 a5 14. d5 Bxb2 15. Qxb2 Nb8 16. Nxa5 Rxa5 17. Qxb4 b6 18. Rfd1 Na6 19. Qc3 Nc5 20. Nd4 Bxg2 21. Nc6 Qd6 22. Nxa5 Bh3 23. Nc6 Bd7 24. Ne5 Ra8 25. Nxd7 Qxd7 26. a4 Ra5 27. f3 f6 28. Kg2 h5 29. h4 Kf7 30. Qe3 Rxa4 31. Qh6 Qf5 32. Qh7+ Kf8 33. Rxa4 Nxa4 34. e4 Qe5 35. Qxg6 Qb2+ 36. Kh3 Nc3 37. Rh1 Qf2 38. Ra1 Na4 39. Qh6+ Kg8 40. Qxh5 Kg7 41. Qg4+ Kf8 42. h5 1-0


[Site "https://www.chess.com"]

[Event "Titled Tuesday Blitz September 27 Early 2022"]
[White "Namitbir Singh Walia"]
[Black "Yang, Ray"]
[WhiteFideId "35071068"]
[BlackFideId "3220281"]
[WhiteElo "1664"]
[BlackElo "1796"]
[Result "1/2-1/2"]
[Round "03"]
[TimeControl "180+1"]
[Date "2022.09.27"]
[WhiteClock "0:00:03"]
[BlackClock "0:00:03"]

1. e4 e6 2. d3 d5 3. Nd2 Nf6 4. g3 dxe4 5. Nxe4 Nxe4 6. dxe4 Qxd1+ 7. Kxd1 e5 8. Be3 Be6 9. c3 Nd7 10. Kc2 Nc5 11. f3 O-O-O 12. Be2 a5 13. b3 g6 14. h4 f5 15. Bg5 Rd7 16. Bf6 Rg8 17. Bxe5 fxe4 18. Rd1 Rxd1 19. Bxd1 Bf5 20. g4 Be6 21. f4 Nd3 22. Nh3 a4 23. Bd4 axb3+ 24. axb3 c5 25. Be3 h6 26. Be2 c4 27. bxc4 Bxc4 28. Rb1 b5 29. Kd2 Bd6 30. Ra1 Kb7 31. Ra7+ Kc6 32. Rh7 Ra8 33. Ra7 Rxa7 34. Bxa7 Nxf4 35. Bxc4 bxc4 36. Nf2 Ng2 37. Nxe4 Nxh4 38. Be3 g5 39. Ke2 Ng6 40. Bd4 Nf4+ 41. Kf3 Nd3 42. Nd2 Be5 43. Ke4 Bxd4 44. Kxd4 Nf2 45. Nxc4 Nxg4 46. Ke4 Nf6+ 47. Kf5 Nd5 48. Kg6 g4 49. Nd2 g3 50. Nf3 g2 51. Kxh6 Nxc3 52. Kh5 Ne2 53. Kg4 Kd5 54. Kh3 Nf4+ 55. Kg3 Ke4 56. Kf2 Nd3+ 57. Kxg2 1/2-1/2


[Site "https://www.chess.com"]

[Event "Titled Tuesday Blitz September 27 Early 2022"]
[White "Nazari, Arad"]
[Black "D`Arruda, Ricardo D."]
[WhiteFideId "12577324"]
[BlackFideId "100692"]
[WhiteElo "2129"]
[BlackElo "2476"]
[Result "1-0"]
[Round "03"]
[TimeControl "180+1"]
[Date "2022.09.27"]
[WhiteClock "0:01:18"]
[BlackClock "0:00:26"]

1. e4 c5 2. Nf3 Nc6 3. Bb5 g6 4. Bxc6 dxc6 5. d3 c4 6. h3 cxd3 7. cxd3 Bg7 8. Nc3 e5 9. Be3 Ne7 10. Qd2 O-O 11. Rd1 Be6 12. Bh6 f6 13. Bxg7 Kxg7 14. d4 exd4 15. Nxd4 Bf7 16. O-O Qb6 17. Nf3 Rad8 18. Qc2 Rxd1 19. Rxd1 Rd8 20. b3 Rxd1+ 21. Nxd1 Qc7 22. Ne3 c5 23. Qc3 Qd6 24. e5 fxe5 25. Nxe5 Qd4 26. Qxd4 cxd4 27. Nc2 Nf5 28. g4 Nd6 29. Nxd4 Bd5 30. Nd3 Be4 31. Nc5 Kf6 32. f4 b6 33. Nxe4+ Nxe4 34. Kg2 Nc3 35. a4 Ke7 36. Nc6+ Kd6 37. Nxa7 Kc5 38. Nc8 Ne2 39. f5 gxf5 40. gxf5 Nf4+ 41. Kg3 Nd5 42. Kg4 Kb4 43. Kg5 Kxb3 44. Nxb6 Nxb6 45. a5 Nc8 46. f6 Ka4 47. f7 1-0


[Site "https://www.chess.com"]

[Event "Titled Tuesday Blitz September 27 Early 2022"]
[White "Niekras, Dawid"]
[Black "Molina, Roberto Junio Brito"]
[WhiteFideId "1160451"]
[BlackFideId "2109450"]
[WhiteElo "2629"]
[BlackElo "2809"]
[Result "0-1"]
[Round "03"]
[TimeControl "180+1"]
[Date "2022.09.27"]
[WhiteClock "0:00:02"]
[BlackClock "0:00:02"]

1. e4 c6 2. Nf3 d5 3. d3 g6 4. Nbd2 Bg7 5. g3 e5 6. Bg2 Ne7 7. O-O O-O 8. Re1 d4 9. c3 c5 10. Nc4 Nec6 11. a4 h6 12. Qc2 Be6 13. Rb1 Nd7 14. cxd4 cxd4 15. b4 Rc8 16. Ba3 Ne7 17. Qe2 f6 18. Rec1 Rc7 19. b5 Nb6 20. Nxb6 axb6 21. Nd2 Rf7 22. Rxc7 Qxc7 23. Rc1 Qd8 24. Nc4 Nc8 25. f4 Rc7 26. f5 gxf5 27. Bh3 Qd7 28. Bxf5 Bxf5 29. exf5 Qxf5 30. Rf1 Qe6 31. Qe4 Rf7 32. Rf5 Bf8 33. Bxf8 Kxf8 34. g4 Ne7 35. Rh5 Rg7 36. h3 Rg6 37. Kh2 Kg7 38. Nd2 Rg5 39. Nf3 Rxh5 40. gxh5 Qf5 41. Qxb7 Kf8 42. Nh4 Qf4+ 43. Kg2 Qxh4 44. Qxb6 Qg5+ 45. Kf1 Qc1+ 46. Kg2 Qc2+ 47. Kf1 Qxa4 48. Qb8+ Kf7 49. b6 Qd1+ 50. Kf2 Qd2+ 51. Kg1 Qe1+ 52. Kg2 Qe2+ 53. Kg1 Qxd3 54. b7 Qb1+ 55. Kg2 d3 56. Qc7 d2 57. Qc4+ Kg7 58. Qg4+ Kf8 59. Qc8+ Nxc8 60. bxc8=Q+ Ke7 61. Qc7+ Ke6 62. Qc8+ Kd5 63. Qd7+ Ke4 64. Qh7+ f5 65. Qd7 d1=Q 66. Qc6+ Qd5 0-1


[Site "https://www.chess.com"]

[Event "Titled Tuesday Blitz September 27 Early 2022"]
[White "Nigmatov, Ortik"]
[Black "Kukreja, Sankalp"]
[WhiteFideId "14202131"]
[BlackFideId "45027676"]
[WhiteElo "2378"]
[BlackElo "2004"]
[Result "1-0"]
[Round "03"]
[TimeControl "180+1"]
[Date "2022.09.27"]
[WhiteClock "0:00:40"]
[BlackClock "0:00:01"]

1. e4 c5 2. Nf3 g6 3. d4 cxd4 4. Nxd4 Bg7 5. Nc3 Nc6 6. Be3 Nf6 7. Bc4 O-O 8. Bb3 a5 9. O-O Nxd4 10. Bxd4 d6 11. a4 Bd7 12. Qe2 Bc6 13. Rad1 Nd7 14. Be3 Rc8 15. Nd5 e6 16. Nc3 Qe7 17. Bf4 Ne5 18. Rd2 Rfd8 19. Rfd1 Bf8 20. Nb5 Bxb5 21. Qxb5 Rc5 22. Qxc5 dxc5 23. Rxd8 Nc6 24. Rc8 Kg7 25. Bd6 Qxd6 26. Rxd6 Bxd6 27. c3 Kf6 28. f3 Ke7 29. g3 Ne5 30. Kf2 f6 31. Ke3 g5 32. Rh8 Nf7 33. Bc4 h6 34. Ra8 1-0


[Site "https://www.chess.com"]